[Event "Titled Tuesday Blitz March 22 Early 2022"]
[White "Ladan, Nicholas"]
[Black "Chyngyz, Sultai"]
[WhiteFideId "30918855"]
[BlackFideId "13803158"]
[WhiteElo "2167"]
[BlackElo "1365"]
[Result "0-1"]
[Round "06"]
[TimeControl "180+1"]
[Date "2022.03.22"]
[WhiteClock "0:00:04"]
[BlackClock "0:01:37"]

1. d4 Nf6 2. Bf4 g6 3. Nf3 Bg7 4. Nc3 O-O 5. Qd2 d6 6. e4 c6 7. h4 h5 8. O-O-O b5 9. Bd3 a5 10. Bh6 a4 11. Bxg7 Kxg7 12. Ng5 b4 13. Ne2 b3 14. cxb3 axb3 15. a3 Ba6 16. Bb1 Bc4 17. Nc3 Qb6 18. f4 Na6 19. f5 c5 20. e5 dxe5 21. dxe5 Ng4 22. fxg6 fxg6 23. Nd5 Qb7 24. Ne3 Rf2 25. Qc3 Nxe3 26. e6+ Kg8 27. Qxe3 Qxg2 28. Qc3 Nb4 29. axb4 cxb4 30. Qxc4 Rxb2 31. Rhg1 Rxb1+ 32. Kxb1 Ra1+ 33. Kxa1 Qa2# 0-1


[Site "https://www.chess.com"]

[Event "Titled Tuesday Blitz March 22 Early 2022"]
[White "Lagunov, Evgenij"]
[Black "Kanyamarala, Tarun"]
[WhiteFideId "4125363"]
[BlackFideId "45004714"]
[WhiteElo "2200"]
[BlackElo "2075"]
[Result "0-1"]
[Round "06"]
[TimeControl "180+1"]
[Date "2022.03.22"]
[WhiteClock "0:01:17"]
[BlackClock "0:01:36"]

1. e4 b6 2. d4 Bb7 3. Nc3 e6 4. Bd3 Bb4 5. Ne2 Ne7 6. O-O O-O 7. Bg5 d6 8. a3 Bxc3 9. Nxc3 Nd7 10. f4 a6 11. f5 exf5 12. exf5 f6 13. Bf4 Kh8 14. Qh5 Nd5 15. Rf3 Qe8 16. Qh4 Nxf4 17. Rxf4 Qe3+ 18. Kh1 Rae8 19. Bc4 Qd2 20. Rd1 Qxg2# 0-1


[Site "https://www.chess.com"]

[Event "Titled Tuesday Blitz March 22 Early 2022"]
[White "Lakshmi C"]
[Black "Siniauski, Artsiom"]
[WhiteFideId "25035347"]
[BlackFideId "13512269"]
[WhiteElo "1775"]
[BlackElo "2187"]
[Result "0-1"]
[Round "06"]
[TimeControl "180+1"]
[Date "2022.03.22"]
[WhiteClock "0:00:06"]
[BlackClock "0:00:48"]

1. d4 Nf6 2. c4 e6 3. Nc3 Bb4 4. a3 Bxc3+ 5. bxc3 O-O 6. Bg5 d6 7. Nf3 Nbd7 8. e3 b6 9. Bd3 Bb7 10. Qc2 h6 11. Bh4 Re8 12. e4 e5 13. d5 Nf8 14. Bg3 Ng6 15. Qd2 Bc8 16. h3 Rf8 17. Bh2 Nh5 18. g4 Nhf4 19. Bf1 Qe8 20. Bg3 Qa4 21. Nh4 Nxh4 22. Bxh4 Ba6 23. Qa2 Bxc4 24. Bxc4 Ng2+ 25. Ke2 Nxh4 26. Rab1 Ng6 27. f3 Nf4+ 28. Kf2 Qa5 29. Rb4 Qc5+ 30. Kg3 a5 31. Rb5 Qe3 32. Qc2 h5 33. Rbb1 Ng6 34. Rbe1 h4+ 35. Kg2 Nf4+ 36. Kf1 Qxf3+ 37. Qf2 Qxh1+ 38. Qg1 Qf3+ 39. Qf2 Qxh3+ 40. Kg1 Qxc3 41. Bf1 Qg3+ 42. Qxg3 hxg3 43. Re3 b5 44. Rxg3 b4 45. a4 Rab8 46. Bc4 b3 47. Rxb3 Rxb3 48. Bxb3 Rb8 49. Bc4 Rb4 50. Bb5 Rxe4 51. Kf2 Nxd5 52. Kf3 0-1


[Site "https://www.chess.com"]

[Event "Titled Tuesday Blitz March 22 Early 2022"]
[White "Lauridsen, Jesper Morch"]
[Black "Aydin, Gulenay"]
[WhiteFideId "1401890"]
[BlackFideId "34557431"]
[WhiteElo "2226"]
[BlackElo "1429"]
[Result "1-0"]
[Round "06"]
[TimeControl "180+1"]
[Date "2022.03.22"]
[WhiteClock "0:00:47"]
[BlackClock "0:00:16"]

1. e4 c5 2. Nf3 d6 3. d4 cxd4 4. Nxd4 Nf6 5. Nc3 g6 6. f3 Bg7 7. Be3 a6 8. Qd2 h5 9. Be2 Nbd7 10. O-O O-O 11. Rad1 b5 12. a3 Bb7 13. Bh6 Rc8 14. Bxg7 Kxg7 15. Kh1 Qb6 16. Qe3 Qc7 17. f4 e5 18. fxe5 dxe5 19. Nf5+ gxf5 20. Qg5+ Kh8 21. Rxd7 Nxd7 22. Qxh5+ Kg8 23. Qg5+ Kh8 24. Rf3 Nf6 25. Qxf6+ 1-0


[Site "https://www.chess.com"]

[Event "Titled Tuesday Blitz March 22 Early 2022"]
[White "Le Ruyet, Leopold"]
[Black "Jary, Sergey"]
[WhiteFideId "645923"]
[BlackFideId "14110350"]
[WhiteElo "2276"]
[BlackElo "2260"]
[Result "1-0"]
[Round "06"]
[TimeControl "180+1"]
[Date "2022.03.22"]
[WhiteClock "0:00:05"]
[BlackClock "0:00:35"]

1. d4 d6 2. c4 e5 3. e3 g6 4. Nf3 Bg7 5. Nc3 exd4 6. exd4 Bg4 7. h3 Bxf3 8. Qxf3 Nc6 9. Be3 Nxd4 10. Bxd4 Bxd4 11. Qxb7 Nf6 12. Qc6+ Kf8 13. O-O-O Bxc3 14. bxc3 Kg7 15. g4 Qe8 16. Qxe8 Rhxe8 17. Bg2 Rab8 18. Rhe1 Kf8 19. Bc6 Rxe1 20. Rxe1 Rb6 21. Ba4 h5 22. g5 Nh7 23. Re8+ Kg7 24. h4 Ra6 25. Bb3 Ra5 26. Re7 Rc5 27. Kd2 Kf8 28. Re4 Kg8 29. Re8+ Nf8 30. Ra8 a5 31. Kd3 Kg7 32. Bd1 Nd7 33. f4 Rf5 34. Ke3 Nb6 35. Ra7 Nxc4+ 36. Kf3 Rc5 37. Ke4 Kf8 38. Kd4 Nb6 39. Bb3 a4 40. Bxa4 Rc4+ 41. Kd3 Rxa4 42. Rxc7 Rxa2 43. Rc6 Nc8 44. Rxc8+ Ke7 45. Ke4 Re2+ 46. Kd5 Rd2+ 47. Kc6 Rd3 48. Kb5 Rf3 49. Rc7+ Ke6 50. Rc4 Rh3 51. Re4+ Kd7 52. c4 Rxh4 53. Rd4 Ke7 54. Kc6 Rg4 55. Re4+ Kf8 56. Kxd6 h4 57. c5 h3 58. c6 h2 59. c7 h1=Q 60. c8=Q+ Kg7 61. Qc3+ Kh7 62. Re8 Qd1+ 63. Ke7 Qe2+ 64. Kf8 Qh2 65. Qg7# 1-0


[Site "https://www.chess.com"]

[Event "Titled Tuesday Blitz March 22 Early 2022"]
[White "Maltsevskaya, Aleksandra"]
[Black "Przybylski, Wojciech"]
[WhiteFideId "24174041"]
[BlackFideId "1117599"]
[WhiteElo "2241"]
[BlackElo "2133"]
[Result "1/2-1/2"]
[Round "06"]
[TimeControl "180+1"]
[Date "2022.03.22"]
[WhiteClock "0:00:07"]
[BlackClock "0:00:05"]

1. e4 e5 2. Nf3 Nc6 3. Bb5 Nf6 4. O-O Nxe4 5. d4 Nd6 6. Bxc6 dxc6 7. dxe5 Nf5 8. Qxd8+ Kxd8 9. b3 Ke8 10. Bb2 Be7 11. Nbd2 h5 12. Ne4 h4 13. Rfe1 Be6 14. c4 Rh5 15. Rad1 Rd8 16. h3 b6 17. Bc1 Rxd1 18. Rxd1 a5 19. Bg5 c5 20. Bxe7 Kxe7 21. Nc3 Nd4 22. Nxd4 cxd4 23. Rxd4 Rxe5 24. Rxh4 Re1+ 25. Kh2 Rc1 26. Nb5 c6 27. Nd4 Bd7 28. Re4+ Kd6 29. Re2 Rd1 30. Nc2 Be6 31. Ne3 Rd3 32. f4 a4 33. bxa4 Ra3 34. f5 Bd7 35. Kg1 Rxa4 36. Kf2 Bc8 37. Kf3 Ba6 38. Rd2+ Ke7 39. Rc2 b5 40. Kf4 bxc4 41. g4 c3+ 42. Kf3 Ra3 43. Ke4 Bb5 44. Kd4 Kd6 45. g5 c5+ 46. Ke4 Ke7 47. Nd5+ Kd6 48. Nxc3 Bc6+ 49. Ke3 Ke5 50. Kd2 Kxf5 51. h4 Kg4 52. Rb2 Kxh4 53. Rb6 Bd7 54. Rb7 Be6 55. g6 fxg6 56. Rxg7 Bf5 57. Rc7 Ra5 58. a4 Kg5 59. Ke3 Kf6 60. Rc6+ Ke5 61. Rc7 g5 62. Re7+ Kf6 63. Nd5+ Kg6 64. Nc3 g4 65. Kf4 Bc8 66. Rc7 Be6 67. Rc6 Kf7 68. Ke5 Bd7 69. Rc7 Ke8 70. Kd6 Ra6+ 71. Ke5 g3 72. Rb7 g2 73. Rb1 Rg6 74. Rg1 Bc6 75. Kf4 Rf6+ 76. Ke5 Rf1 77. Ne2 Rxg1 78. Nxg1 Bxa4 79. Kd5 Bb5 80. Kxc5 Bf1 81. Kd4 Ke7 82. Ke3 Kd6 83. Kf2 Kd5 84. Nf3 Ke4 85. Nh4 Kf4 86. Nxg2+ 1/2-1/2


[Site "https://www.chess.com"]

[Event "Titled Tuesday Blitz March 22 Early 2022"]
[White "Manolache, Marius"]
[Black "Sztokbant, Bernardo Vainzoff"]
[WhiteFideId "1201530"]
[BlackFideId "2115956"]
[WhiteElo "2389"]
[BlackElo "2237"]
[Result "1/2-1/2"]
[Round "06"]
[TimeControl "180+1"]
[Date "2022.03.22"]
[WhiteClock "0:01:11"]
[BlackClock "0:00:11"]

1. d4 d5 2. Nf3 Nf6 3. c4 e6 4. Qc2 Be7 5. e3 O-O 6. Nbd2 Nbd7 7. b3 b6 8. Bb2 Bb7 9. Bd3 c5 10. Rd1 Rc8 11. Qb1 cxd4 12. exd4 dxc4 13. bxc4 Qc7 14. O-O Rfd8 15. h3 Nf8 16. a3 Nh5 17. Rfe1 Ng6 18. Bf1 Ba6 19. Rc1 Qb8 20. Ne4 Nf6 21. Neg5 Bb7 22. Ne5 Rf8 23. Qd3 Rcd8 24. Qe2 Nxe5 25. Qxe5 Qxe5 26. dxe5 Nd7 27. Ne4 Nc5 28. Nd6 Bxd6 29. exd6 Rxd6 30. Be5 Rd2 31. Bc7 Rc8 32. Bf4 Rd7 33. Be3 Rcd8 34. Be2 f6 35. Bg4 f5 36. Be2 Kf7 37. Bg5 Rc8 38. Red1 Rxd1+ 39. Rxd1 h6 40. Be3 Rc7 41. g4 Rd7 42. Rxd7+ Nxd7 43. gxf5 exf5 44. Bd4 g6 45. h4 Ke6 46. Be3 h5 47. Bd4 Ne5 48. f4 Nc6 49. Be3 Ba6 50. Kf2 Na5 51. c5 Bxe2 52. Kxe2 bxc5 53. Bxc5 a6 54. Kd3 Kd5 55. Bf8 Nc6 56. Bg7 Ne7 57. Bf8 Nc8 58. Bb4 Nb6 59. Be1 Nc4 60. Bb4 Nd6 61. Be1 Nb5 62. Bb4 Nd4 63. Bc3 Ne6 64. Bd2 Nc5+ 65. Ke3 Kc4 66. Bb4 Ne6 67. Be7 a5 68. Bd6 a4 69. Be7 Kb3 70. Bd6 Kc4 71. Be7 Nd4 72. Bf8 Nc2+ 73. Kd2 Kb3 74. Kd3 Nxa3 75. Kd4 Nc2+ 76. Ke5 Nb4 77. Kf6 a3 78. Kxg6 a2 79. Bg7 Nd3 80. Ba1 Nxf4+ 81. Kxf5 Ng2 82. Kg5 Kc2 83. Kxh5 Kb1 84. Bg7 Nxh4 85. Kxh4 Kc2 86. Bf6 Kb3 87. Bg7 Kc2 88. Bf6 Kb1 89. Bg7 Kc1 90. Bf6 Kd1 91. Bg7 Kd2 92. Kg5 Kd3 93. Kg6 Kc4 94. Bh8 Kb5 95. Kh7 Kc5 96. Kg8 Kd6 97. Bg7 Ke6 98. Bh8 Kf5 99. Bg7 Kg4 100. Bh8 Kf3 101. Bg7 Kg2 102. Bh8 a1=Q 103. Bxa1 1/2-1/2


[Site "https://www.chess.com"]

[Event "Titled Tuesday Blitz March 22 Early 2022"]
[White "Manukian, Artak"]
[Black "Quirke, Jeffrey"]
[WhiteFideId "13301373"]
[BlackFideId "2013029"]
[WhiteElo "2428"]
[BlackElo "2223"]
[Result "1-0"]
[Round "06"]
[TimeControl "180+1"]
[Date "2022.03.22"]
[WhiteClock "0:00:10"]
[BlackClock "0:00:01"]

1. e4 c5 2. Nf3 e6 3. c3 Nf6 4. e5 Nd5 5. d4 cxd4 6. cxd4 d6 7. Nc3 Nxc3 8. bxc3 Qc7 9. Bd2 Nd7 10. Bb5 Be7 11. O-O O-O 12. Re1 dxe5 13. dxe5 Nc5 14. Bg5 Rd8 15. Qc2 b6 16. Bxe7 Qxe7 17. Nd4 Bb7 18. Nc6 Bxc6 19. Bxc6 Rac8 20. Bf3 Qc7 21. h4 Nd7 22. Qe4 Qxc3 23. Rac1 Qxc1 24. Rxc1 Rxc1+ 25. Kh2 Rc7 26. Qd4 Rdc8 27. Bd1 Nf8 28. Bb3 Rd7 29. Qe4 Rd2 30. Kg3 Rc3+ 31. f3 Rc5 32. h5 h6 33. Kh3 Rd7 34. f4 Rc3+ 35. Kh2 Rd2 36. f5 Rcd3 37. fxe6 fxe6 38. Qg4 Rd4 39. Bxe6+ Kh8 40. Qf5 Nh7 41. Bf7 Rh4+ 42. Kg3 Rhd4 43. Bg6 R2d3+ 44. Qxd3 Rxd3+ 45. Bxd3 Ng5 46. Kf4 Kg8 47. Kf5 Kf7 48. Bc4+ Ke7 49. g4 Nf3 50. Bd5 Nd4+ 51. Ke4 Nc2 52. Kf5 Nb4 53. Bb3 Nc6 54. Bd5 Nd4+ 55. Ke4 Nb5 56. Kd3 Nc7 57. Bc4 Ne6 58. Ke4 Nc5+ 59. Kd5 Nd7 60. Bb5 1-0


[Site "https://www.chess.com"]

[Event "Titled Tuesday Blitz March 22 Early 2022"]
[White "Martin Duque, Jesus"]
[Black "Jumabayev, Rinat"]
[WhiteFideId "2208954"]
[BlackFideId "13702661"]
[WhiteElo "2243"]
[BlackElo "2561"]
[Result "0-1"]
[Round "06"]
[TimeControl "180+1"]
[Date "2022.03.22"]
[WhiteClock "0:00:07"]
[BlackClock "0:01:01"]

1. Nf3 d5 2. b3 c6 3. Bb2 Nf6 4. e3 Bf5 5. Be2 h6 6. c4 e6 7. O-O Nbd7 8. d3 Bh7 9. Nbd2 Bd6 10. Re1 O-O 11. cxd5 exd5 12. Nf1 Re8 13. Ng3 a5 14. a3 Qe7 15. Bf1 h5 16. Nd4 Ng4 17. h3 Nxf2 18. Kxf2 Qh4 19. Ne2 Nc5 20. Nf4 d4 21. Qxh5 dxe3+ 22. Rxe3 Qxf4+ 23. Rf3 Qd2+ 24. Kg1 Qxb2 25. Qxf7+ Kh8 26. Rd1 Rf8 27. Qh5 Rxf3 28. Qxf3 Qd4+ 29. Kh1 Rf8 30. Qh5 Bxg3 31. Qxh7+ Kxh7 0-1


[Site "https://www.chess.com"]

[Event "Titled Tuesday Blitz March 22 Early 2022"]
[White "Matlakov, Maxim"]
[Black "Salinas Herrera, Pablo"]
[WhiteFideId "4168003"]
[BlackFideId "3407128"]
[WhiteElo "2669"]
[BlackElo "2541"]
[Result "1-0"]
[Round "06"]
[TimeControl "180+1"]
[Date "2022.03.22"]
[WhiteClock "0:01:27"]
[BlackClock "0:00:17"]

1. e4 c5 2. Nf3 e6 3. g3 Nc6 4. Bg2 Nf6 5. d3 d6 6. O-O Be7 7. c4 O-O 8. Nc3 Bd7 9. d4 cxd4 10. Nxd4 Nxd4 11. Qxd4 Bc6 12. b3 Qa5 13. Bb2 Rfc8 14. Rfd1 Bf8 15. h3 a6 16. a4 Be8 17. Ba3 b5 18. axb5 axb5 19. Nxb5 Bxb5 20. Bxd6 Qd8 21. Rxa8 Rxa8 22. cxb5 Bxd6 23. Qxd6 Qxd6 24. Rxd6 Rb8 25. b6 Kf8 26. e5 Ne8 27. Rc6 Ke7 28. Bf1 f6 29. f4 g5 30. Bc4 gxf4 31. gxf4 fxe5 32. fxe5 Ng7 33. Rc7+ Kf8 34. b7 Ne8 35. Rd7 h5 36. h4 Ng7 37. Ba6 Nf5 38. Rc7 Ne7 39. Rc8+ 1-0


[Site "https://www.chess.com"]

[Event "Titled Tuesday Blitz March 22 Early 2022"]
[White "Mena, Ailen Oriana"]
[Black "Marcziter, Dmitrii"]
[WhiteFideId "3902773"]
[BlackFideId "13900765"]
[WhiteElo "1534"]
[BlackElo "2155"]
[Result "0-1"]
[Round "06"]
[TimeControl "180+1"]
[Date "2022.03.22"]
[WhiteClock "0:00:03"]
[BlackClock "0:01:16"]

1. e4 c5 2. c3 d5 3. exd5 Qxd5 4. d4 Nf6 5. Nf3 Bg4 6. Qa4+ Bd7 7. Qb3 Qe4+ 8. Be2 e6 9. Ng5 Qd5 10. c4 Qc6 11. Bf3 Qc7 12. Qxb7 Qxb7 13. Bxb7 Bc6 14. Bxa8 Bxa8 15. dxc5 Bxc5 16. O-O h6 17. Nf3 Nbd7 18. Nc3 Ke7 19. Nd2 Ne5 20. a3 Bd4 21. Nb5 Bb6 22. b4 a6 23. Nc3 Bd4 24. Bb2 Nd3 25. Rab1 Nxb2 26. Rxb2 Bxc3 27. Rc2 Be5 28. Re1 Bf4 29. c5 Bc6 30. Nc4 Rd8 31. h3 Ba4 32. Rc3 Nd5 33. Rf3 Bb8 34. g3 Bc2 35. Na5 Rc8 36. Kg2 Nf6 37. h4 Be4 38. Rxe4 Nxe4 39. Re3 Nf6 40. f3 Nd5 41. Rd3 Bc7 42. Rd2 Bxa5 43. bxa5 Rxc5 44. Rd3 Rxa5 45. f4 Kd6 46. Kf3 Ra4 47. f5 e5 48. g4 f6 0-1


[Site "https://www.chess.com"]

[Event "Titled Tuesday Blitz March 22 Early 2022"]
[White "Mikhailovsky, Vladimir"]
[Black "Krishnan, Varun"]
[WhiteFideId "34105414"]
[BlackFideId "5054508"]
[WhiteElo "2371"]
[BlackElo "2609"]
[Result "1-0"]
[Round "06"]
[TimeControl "180+1"]
[Date "2022.03.22"]
[WhiteClock "0:00:11"]
[BlackClock "0:00:06"]

1. c4 e6 2. Nc3 d5 3. d4 Be7 4. Bf4 Nf6 5. e3 O-O 6. a3 b6 7. cxd5 exd5 8. Bd3 Bb7 9. Nge2 c5 10. Qc2 Nbd7 11. O-O Rc8 12. Bf5 h6 13. Rfd1 c4 14. Nb5 a6 15. Nd6 Bxd6 16. Bxd6 Re8 17. Bg3 Ne4 18. Qa4 b5 19. Qb4 Bc6 20. Qe1 Qf6 21. Bxe4 Rxe4 22. a4 Ree8 23. axb5 axb5 24. Ra6 Ra8 25. Rda1 Rxa6 26. Rxa6 Ra8 27. Qa5 Rxa6 28. Qxa6 Qg6 29. h3 b4 30. Nf4 Qb1+ 31. Kh2 Qxb2 32. Qxc6 Nf6 33. Qc8+ Kh7 34. Qf5+ Kg8 35. Bh4 c3 36. Bxf6 gxf6 37. Nh5 Kf8 38. Qxf6 Ke8 39. Qd6 f5 40. Ng7+ Kf7 41. Nxf5 c2 42. Qe7+ Kg6 43. Qe6+ Kg5 44. f4+ Kh5 45. g4# 1-0


[Site "https://www.chess.com"]

[Event "Titled Tuesday Blitz March 22 Early 2022"]
[White "Mikhalsky, Vladimir"]
[Black "Jeet, Jain"]
[WhiteFideId "14144352"]
[BlackFideId "5073022"]
[WhiteElo "2301"]
[BlackElo "2085"]
[Result "0-1"]
[Round "06"]
[TimeControl "180+1"]
[Date "2022.03.22"]
[WhiteClock "0:00:07"]
[BlackClock "0:01:13"]

1. c4 c6 2. g3 d5 3. Bg2 Nf6 4. Nf3 dxc4 5. Qc2 Be6 6. Na3 b5 7. Ng5 Bd5 8. e4 Be6 9. Nxe6 fxe6 10. e5 Nd5 11. O-O Nd7 12. Be4 Nxe5 13. Bxh7 Qb6 14. Bg6+ Kd7 15. d4 Qxd4 16. Rd1 Qg4 17. Be4 Kc7 18. Bxd5 exd5 19. Bf4 Qh5 20. g4 Qxg4+ 21. Bg3 Kb7 22. Nxb5 Nf3+ 23. Kf1 Nxh2+ 24. Bxh2 Rxh2 25. Ke1 cxb5 26. Rxd5 Qg1+ 27. Ke2 Qxf2+ 0-1


[Site "https://www.chess.com"]

[Event "Titled Tuesday Blitz March 22 Early 2022"]
[White "Mikhnenko, Alexander"]
[Black "Kouskoutis, Georgios-Alexandros"]
[WhiteFideId "34143014"]
[BlackFideId "4234049"]
[WhiteElo "2184"]
[BlackElo "2130"]
[Result "0-1"]
[Round "06"]
[TimeControl "180+1"]
[Date "2022.03.22"]
[WhiteClock "0:00:04"]
[BlackClock "0:00:04"]

1. e4 c5 2. Nf3 e6 3. Qe2 Nc6 4. g3 Nf6 5. Bg2 d5 6. exd5 Nxd5 7. O-O Be7 8. d3 O-O 9. c3 b6 10. Nbd2 Ba6 11. Nc4 Qc7 12. Nfe5 Nxe5 13. Nxe5 Rad8 14. c4 Bd6 15. Ng4 Nb4 16. a3 Nc6 17. Ne3 Nd4 18. Qd1 Bb7 19. Nc2 Nxc2 20. Qxc2 Bxg2 21. Kxg2 Qc6+ 22. Kg1 Be5 23. Be3 Bd4 24. Rad1 h6 25. Qe2 Rd7 26. Rd2 Rfd8 27. Rfd1 Qd6 28. Bxd4 Qxd4 29. Qe3 Kf8 30. Qxd4 Rxd4 31. Kf1 Ke7 32. Ke2 g5 33. b4 Kd6 34. b5 Kc7 35. a4 f5 36. a5 bxa5 37. Ra2 Kb6 38. Ra3 e5 39. Rda1 e4 40. dxe4 Rxe4+ 41. Kf1 Rxc4 42. Rxa5 Rd7 43. Ra6+ Kxb5 44. Rxh6 Ra4 45. Rb1+ Rb4 46. Ra1 a5 47. Rh8 Ra7 48. Rb8+ Kc6 49. Rc8+ Kb6 50. Re1 a4 51. Re6+ Kb5 52. Re5 Rc4 53. Rb8+ Kc6 54. Re6+ Kd5 55. Re2 a3 56. Ra2 Rb4 57. Rd8+ Kc4 58. Rdd2 Rb1+ 59. Kg2 Kb3 60. h4 c4 61. hxg5 c3 62. Rdc2 Rb2 63. g6 Kxa2 64. g7 Rxg7 0-1


[Site "https://www.chess.com"]

[Event "Titled Tuesday Blitz March 22 Early 2022"]
[White "Milanovic, Marko"]
[Black "Petrova, Irina"]
[WhiteFideId "980129"]
[BlackFideId "14124122"]
[WhiteElo "2159"]
[BlackElo "1993"]
[Result "1-0"]
[Round "06"]
[TimeControl "180+1"]
[Date "2022.03.22"]
[WhiteClock "0:00:01"]
[BlackClock "0:00:01"]

1. e4 d6 2. d4 Nf6 3. Nc3 e5 4. Nf3 Nbd7 5. Bc4 Be7 6. h3 O-O 7. Be3 c6 8. a4 h6 9. O-O Re8 10. Qb1 Bf8 11. Qa2 Qe7 12. Nh4 Nb6 13. Bb3 Be6 14. Nf5 Bxf5 15. exf5 exd4 16. Bxd4 d5 17. Rae1 Qd6 18. a5 Nbd7 19. Qb1 Qf4 20. Qd1 Qxf5 21. a6 b6 22. Ne2 c5 23. Ng3 Qg6 24. Bxf6 Nxf6 25. Bxd5 Nxd5 26. Qxd5 Qxc2 27. Qb7 Qxb2 28. Rxe8 Rxe8 29. Qxa7 Qb5 30. Qb7 Re7 31. Qc8 Ra7 32. Ra1 c4 33. Nf5 c3 34. Nd4 Qb2 35. Re1 Qd2 36. Re4 b5 37. Nxb5 c2 38. Rc4 Qd1+ 39. Kh2 Rxa6 40. Rxc2 Rf6 41. Ra2 Qd5 42. Nc3 Qe5+ 43. g3 Qd4 44. Kg2 Qd3 45. Ra8 Qf3+ 46. Kh2 Kh7 47. Ra2 1-0


[Site "https://www.chess.com"]

[Event "Titled Tuesday Blitz March 22 Early 2022"]
[White "Miszler, Levente"]
[Black "Mangialardo, Tiago Carvalho"]
[WhiteFideId "763276"]
[BlackFideId "2130718"]
[WhiteElo "1966"]
[BlackElo "2092"]
[Result "1-0"]
[Round "06"]
[TimeControl "180+1"]
[Date "2022.03.22"]
[WhiteClock "0:02:16"]
[BlackClock "0:00:01"]

1. e4 e5 2. Nf3 Nc6 3. Bc4 Bc5 4. c3 Nf6 5. d4 exd4 6. b4 Bb6 7. e5 d5 8. exf6 dxc4 9. Qe2+ Be6 10. b5 d3 11. Qe4 Qxf6 12. bxc6 O-O 13. cxb7 Rab8 14. O-O Rfd8 15. Bg5 Bd5 16. Bxf6 Bxe4 17. Bxd8 Rxd8 18. Nbd2 Bd5 19. Rfe1 Rb8 20. a4 a5 21. Ne5 f6 22. Nd7 Rxb7 23. Rab1 Kf7 24. Ne4 c6 1-0


[Site "https://www.chess.com"]

[Event "Titled Tuesday Blitz March 22 Early 2022"]
[White "Mkrtchyan, Mariam"]
[Black "Siva Mahadevan"]
[WhiteFideId "13310828"]
[BlackFideId "25043153"]
[WhiteElo "1984"]
[BlackElo "2203"]
[Result "1/2-1/2"]
[Round "06"]
[TimeControl "180+1"]
[Date "2022.03.22"]
[WhiteClock "0:00:02"]
[BlackClock "0:00:05"]

1. Nf3 Nf6 2. g3 g6 3. Bg2 Bg7 4. O-O O-O 5. d4 d6 6. c4 Nbd7 7. Nc3 e5 8. e4 c6 9. h3 Qa5 10. Be3 exd4 11. Nxd4 Nb6 12. Nb3 Qh5 13. g4 Bxg4 14. hxg4 Nxg4 15. Bf4 Be5 16. Qf3 Nxc4 17. Ne2 f5 18. Bh3 Bxf4 19. Nxf4 Qh6 20. Ne6 Nce5 21. Qg3 f4 22. Qg2 f3 23. Qg3 Nf6 24. Nxf8 Rxf8 25. Nd4 Nh5 26. Qh2 Qd2 27. Rad1 Qxb2 28. Ne6 Rf6 29. Rxd6 Nf7 30. Rd7 Qe5 31. Qxe5 Nxe5 32. Rd8+ Kf7 33. Ng5+ Ke7 34. Rb8 b5 35. Rb7+ Kd6 36. Rd1+ Kc5 37. Ne6+ Kb4 38. Rxa7 h6 39. Rb1+ Kc3 40. a4 bxa4 41. Rxa4 g5 42. Bf5 Nf4 43. Ra3+ Kc2 44. Rba1 Nxe6 45. Bxe6 Rxe6 46. R1a2+ Kb1 47. Rd2 Nc4 48. Rd1+ Kc2 49. Rad3 Rxe4 50. Kh2 Re2 51. Kg3 Ne5 52. Rd6 h5 53. Rf1 h4+ 54. Kh3 Rd2 55. Re6 Nd3 56. Kg4 c5 57. Kxg5 h3 58. Kh4 Nxf2 59. Kg3 Nd3 60. Kxh3 f2 61. Rc6 Rd1 62. Kg2 Rxf1 63. Kxf1 Kc3 64. Rxc5+ Nxc5 65. Kxf2 1/2-1/2


[Site "https://www.chess.com"]

[Event "Titled Tuesday Blitz March 22 Early 2022"]
[White "Moroni, Luca Jr"]
[Black "Tsydypov, Zhamsaran"]
[WhiteFideId "865834"]
[BlackFideId "4108566"]
[WhiteElo "2573"]
[BlackElo "2614"]
[Result "0-1"]
[Round "06"]
[TimeControl "180+1"]
[Date "2022.03.22"]
[WhiteClock "0:00:02"]
[BlackClock "0:01:09"]

1. d4 Nf6 2. Bf4 d6 3. Nc3 Nbd7 4. Nf3 g6 5. e4 Bg7 6. Qd2 c5 7. Bh6 Bxh6 8. Qxh6 cxd4 9. Nxd4 a6 10. O-O-O b5 11. f4 Qc7 12. Bd3 Bb7 13. Rhe1 O-O-O 14. Kb1 e5 15. Nf3 b4 16. Nd5 Nxd5 17. exd5 f6 18. fxe5 dxe5 19. Qh4 Qc5 20. Re4 Qxd5 21. Rxb4 Nc5 22. Bf5+ gxf5 23. Rxd5 Rxd5 24. b3 Ne4 25. Kb2 Rd7 26. Qh3 Nd6 27. Nh4 Be4 28. Qe3 Rc7 29. Qb6 Rxc2+ 30. Ka3 Kd7 31. Ra4 Nb5+ 32. Kb4 Nc7 33. Qxf6 Nd5+ 0-1


[Site "https://www.chess.com"]

[Event "Titled Tuesday Blitz March 22 Early 2022"]
[White "Murzin, Volodar"]
[Black "Tasev, Dejan"]
[WhiteFideId "44155573"]
[BlackFideId "936618"]
[WhiteElo "2585"]
[BlackElo "2253"]
[Result "0-1"]
[Round "06"]
[TimeControl "180+1"]
[Date "2022.03.22"]
[WhiteClock "0:00:01"]
[BlackClock "0:00:40"]

1. e4 e5 2. Nf3 Nf6 3. Nxe5 Nc6 4. Nxc6 dxc6 5. d3 Bc5 6. Be2 h5 7. h3 Bb6 8. Nd2 Be6 9. Nf3 Qd7 10. Bg5 Ng8 11. Qc1 f6 12. Be3 g5 13. a4 O-O-O 14. a5 Bxe3 15. Qxe3 Kb8 16. c3 Ne7 17. b4 a6 18. Nd4 Ng6 19. O-O-O Ne5 20. Rd2 h4 21. Rhd1 Bf7 22. Kb2 Rhe8 23. Nf3 Ng6 24. Nd4 Bg8 25. Bh5 Qf7 26. Ra1 Qh7 27. Bxg6 Qxg6 28. f4 Qf7 29. Ra3 Qe7 30. fxg5 fxg5 31. Rf2 c5 32. bxc5 Qxc5 33. Rf5 Qd6 34. Qxg5 Qh2 35. Nf3 Qd6 36. c4 Be6 37. Rf6 Rg8 38. Rg6 Rxg6 39. Qxg6 Rg8 40. c5 Qxc5 41. Qxe6 Rxg2+ 42. Kb3 Qb5+ 43. Kc3 Qb2+ 44. Kc4 Rc2+ 45. Kd5 Qxa3 46. Qe8+ Ka7 47. Ne5 Qa2+ 48. Kd4 Qa1+ 49. Kd5 Qxa5+ 50. Ke6 Qb6+ 51. Kf7 Qf2+ 0-1


[Site "https://www.chess.com"]

[Event "Titled Tuesday Blitz March 22 Early 2022"]
[White "Narayanan.S.L"]
[Black "Boros, Denes"]
[WhiteFideId "5058422"]
[BlackFideId "722340"]
[WhiteElo "2494"]
[BlackElo "2464"]
[Result "1-0"]
[Round "06"]
[TimeControl "180+1"]
[Date "2022.03.22"]
[WhiteClock "0:00:46"]
[BlackClock "0:00:36"]

1. d4 Nf6 2. Bf4 d5 3. e3 Bg4 4. f3 Bd7 5. c4 c5 6. Nc3 cxd4 7. exd4 Bc6 8. Bd3 Nbd7 9. cxd5 Nxd5 10. Nxd5 Bxd5 11. Ne2 e6 12. O-O Be7 13. Nc3 Bc6 14. Kh1 O-O 15. Qc2 h6 16. Rad1 Rc8 17. Qd2 Bg5 18. Bxg5 Qxg5 19. f4 Qh4 20. f5 Nf6 21. Qf4 Qxf4 22. Rxf4 Nd5 23. Rf2 exf5 24. Bxf5 Rcd8 25. Kg1 Rd6 26. Ne4 Rdd8 27. Nc3 g6 28. Bc2 Ne3 29. Rd3 Nxc2 30. Rxc2 Bd5 31. Nxd5 Rxd5 32. Rc7 Rfd8 33. Rxb7 Rxd4 34. Rxd4 Rxd4 35. h3 Rd2 36. a4 a5 37. g4 Kg7 38. Kf1 Rh2 39. Rb5 Rxh3 40. Rxa5 Rg3 41. Rb5 Rxg4 42. b4 h5 43. a5 Rf4+ 44. Kg2 Rf6 45. Rb6 Rf4 46. a6 Rf3 47. Kxf3 1-0


[Site "https://www.chess.com"]

[Event "Titled Tuesday Blitz March 22 Early 2022"]
[White "Nenezic, Marko"]
[Black "Altman, Joshua"]
[WhiteFideId "912123"]
[BlackFideId "426210"]
[WhiteElo "2457"]
[BlackElo "1945"]
[Result "1-0"]
[Round "06"]
[TimeControl "180+1"]
[Date "2022.03.22"]
[WhiteClock "0:00:07"]
[BlackClock "0:00:15"]

1. Nf3 Nf6 2. c4 e6 3. Nc3 Bb4 4. g4 h6 5. Rg1 b6 6. Qc2 Bb7 7. h4 d6 8. g5 hxg5 9. hxg5 Nfd7 10. a3 Bxc3 11. Qxc3 e5 12. d4 Nc6 13. d5 Ne7 14. Bd2 Nc5 15. Qc2 a5 16. b3 Qd7 17. e4 a4 18. b4 Nb3 19. Rd1 Nxd2 20. Qxd2 Ng6 21. Rc1 c5 22. dxc6 Bxc6 23. Qe3 Qb7 24. Nd2 Nf4 25. f3 g6 26. Nb1 Kf8 27. Rd1 Rd8 28. Nc3 Kg7 29. b5 Bd7 30. Rxd6 Bh3 31. Rxd8 Rxd8 32. Nd5 Bxf1 33. Kxf1 Nxd5 34. exd5 Qc7 35. Kf2 Re8 36. Qe4 Qc5+ 37. Kg2 Qxa3 38. Rh1 Qb2+ 39. Kg3 Qd2 40. Qh4 Qf4+ 41. Qxf4 exf4+ 42. Kxf4 Rc8 43. Ke5 Rxc4 44. d6 Rc2 45. Rd1 Re2+ 46. Kd5 Re8 47. Kc6 Rd8 48. d7 a3 49. Kc7 a2 50. Kxd8 a1=Q 51. Rxa1 1-0


[Site "https://www.chess.com"]